 Dungeon Crawl Stone Soup version 0.17.1-3-g152610e (webtiles) character file.

67 imbaray the Insei (level 4, 0/24 HPs)
             Began as a Vine Stalker Monk on Mar 26, 2016.
             Slain by a quokka (1 damage)
             ... on level 2 of the Dungeon.
             The game lasted 00:03:09 (832 turns).

imbaray the Insei (Vine Stalker Monk)                Turns: 832, Time: 00:03:09

Health: 0/24       AC:  4    Str: 14    XL:     4   Next: 16%
Magic:  0/5        EV: 13    Int: 10    God:
Gold:   25         SH:  0    Dex: 17    Spells: 0 memorised, 3 levels left

rFire  . . .     SeeInvis .       - Unarmed
rCold  . . .     Clarity  .     a - +0 robe
rNeg   . . .     SustAt   .     (no shield)
rPois  .         Gourm    .     (no helmet)
rElec  .         Spirit   +     d - +0 cloak
rCorr  .         Warding  .     g - +0 pair of gloves
rMut   .         Stasis   .     (no boots)
MR     .....                    (no amulet)
Stlth  ++........               (no ring)
                                (no ring)

@: lethally poisoned (0 -> 0), not resistant to hostile enchantments, unstealthy
A: fangs 2, regeneration 1, magic shield, antimagic bite, no device heal 3, rot
immunity
a: no special abilities


You were on level 2 of the Dungeon.
You were not hungry.

You visited 1 branch of the dungeon, and saw 2 of its levels.

You collected 25 gold pieces.

Inventory:

Armour
 a - a +0 robe (worn)
 d - a +0 cloak (worn)
 g - a +0 pair of gloves (worn)
Scrolls
 e - a scroll of blinking
 h - a scroll of identify
 j - a scroll of recharging
Potions
 c - a potion of flight
Books
 i - a book of Party Tricks

   Spells                             Type                      Level
   a - Summon Butterflies             Summoning                    1
   b - Apportation                    Translocation                1
   c - Tukima's Dance                 Hexes                        3
   d - Alistair's Intoxication        Transmutation/Poison         4
   e - Invisibility                   Hexes                        6
Comestibles
 b - a bread ration
 f - 2 meat rations


   Skills:
 + Level 3.2 Fighting
 + Level 2.9 Dodging
 + Level 3.2 Stealth
 + Level 4.5 Unarmed Combat


You had 3 spell levels left.
You didn't know any spells.

Dungeon Overview and Level Annotations

Branches:
Dungeon (2/15)

Altars:
The Shining One


Innate Abilities, Weirdness & Mutations

You have extremely sharp teeth.
Your natural rate of healing is unusually fast.
When hurt, damage is shared between your health and your magic reserves.
Your bite disrupts and absorbs the magic of your enemies.
Potions and wands cannot restore your health.
You are immune to rotting.


Message History

You feel sick.
The giant cockroach completely misses you.
There is an open door here.
* * * LOW HITPOINT WARNING * * *
You feel sick.
* * * LOW HITPOINT WARNING * * *
You feel sick. The giant cockroach barely misses you.
You hit the giant cockroach but do no damage.
Your punch misses the giant cockroach. You bite the giant cockroach.
You drain its power.
You kill the giant cockroach!
* * * LOW HITPOINT WARNING * * *
You feel sick. The hobgoblin misses you. The quokka bites you.
You barely miss the hobgoblin. Your bite misses the hobgoblin.
The hobgoblin misses you. The quokka bites you.
You hit the hobgoblin. Your bite misses the hobgoblin.
The hobgoblin is moderately wounded.
The hobgoblin hits you but does no damage.
The quokka bites you.
You die...

#.#######.....#.......##.#
#.# #########.#..##.# #.
.. #....##.# .## #...#.#
.. #.. #.#.# #. #.# #...#
. #.###.# ##..##
..###...#.# #....#
.......@..###)...#
.......gr.#......#
#........(#......#
#######'#.##.....####
#w#............
#.####......##
###†#####.....#
#.......#.##..#
#.......#.##[>##


You could see a worm, a quokka and a hobgoblin.

Vanquished Creatures
  Ijyb (D:2)
  An adder (D:2)
  6 bats
  3 giant cockroaches
  6 goblins
  A hobgoblin (D:1)
  4 giant newts (D:1)
  2 kobolds (D:1)
  5 rats (D:1)
29 creatures vanquished.

Notes
Turn   | Place    | Note
--------------------------------------------------------------
     0 | D:1      | imbaray the Vine Stalker Monk began the quest for the Orb.
     0 | D:1      | Reached XP level 1. HP: 11/11 MP: 2/2
    83 | D:1      | Reached XP level 2. HP: 13/16 MP: 3/3
   626 | D:2      | Reached XP level 3. HP: 20/20 MP: 4/4
   644 | D:2      | Noticed Ijyb
   646 | D:2      | Found a glowing golden altar of the Shining One.
   663 | D:2      | Killed Ijyb
   821 | D:2      | Reached XP level 4. HP: 3/24 MP: 5/5
   827 | D:2      | HP: 1/24 [poisoned by an adder]
   832 | D:2      | Slain by a quokka

Action                   |  1- 3 |  4- 6 || total
-------------------------+-------+-------++-------
Melee: Unarmed           |   103 |     3 ||   106
  Use: Scroll            |     6 |       ||     6
       Potion            |     3 |       ||     3
 Stab: Sleeping          |     9 |       ||     9
